AoeStats
← KriVetz

Arena

509408681Analyzed
3v3 RM · 6d ago on Sep 26, 2026· 41m 36s· 6 players
Game mode
Random Map
Map size
Normal (6 player)
Population
200
Speed
Normal
Resources
Standard
Victory
Conquest
Starting age
Dark Age
Ending age
Imperial Age
RankedLock teamsTeams togetherTeam positionsShared explorationLock speedFull tech treeHidden civsTurbo modeCheats
Victory
Defeat
🇹🇷 Turks · Türkiye
1262
+10
🇹🇷 Franks · Türkiye
1048
+19
🇹🇷 Byzantines · Türkiye
1003
+22
🇨🇿 Burgundians · Czechia
1120
-17
🇨🇿 Britons · Czechia
1120
-17
🇨🇿 Japanese · Czechia
1119
-17
KriVetz
11:24 Feudal Age
13:15 Wheelbarrow
13:10 Double-Bit Axe
15:42 Castle Age
14:02 Gold Mining
15:55 Scale Barding Armor
16:01 Forging
18:38 Husbandry
19:36 Chain Barding Armor
22:51 Iron Casting
29:04 Hand Cart
35:38 Imperial Age
34:32 Bow Saw
35:42 Cavalier
37:00 Plate Barding Armor
37:25 Blast Furnace
37:05 Conscription
37:19 Paladin
Roussel de Bailleul
3:31 Loom
10:48 Feudal Age
15:48 Castle Age
14:59 Double-Bit Axe
17:44 Forging
20:21 Horse Collar
22:32 Bow Saw
22:34 Treadmill Crane
24:01 Stone Mining
24:06 Gold Mining
26:17 Wheelbarrow
27:48 Hand Cart
30:46 Fletching
33:31 Imperial Age
32:38 Stone Shaft Mining
32:40 Gold Shaft Mining
33:18 Murder Holes
33:53 Squires
33:39 Gambesons
35:37 Chemistry
34:57 Ballistics
34:44 Heavy Plow
37:08 Hoardings
38:10 Iron Casting
37:36 Scale Mail Armor
38:32 Fortified Wall
40:34 Elite Varangian Guard
41:35 Chain Mail Armor
41:16 Bodkin Arrow
Nebuchadnezzar
10:50 Feudal Age
15:23 Castle Age
13:39 Double-Bit Axe
13:35 Horse Collar
18:35 Bow Saw
18:58 Fervor
25:56 Loom
31:38 Wheelbarrow
32:18 Padded Archer Armor
32:53 Gold Mining
32:53 Stone Mining
36:16 Imperial Age
34:20 Heavy Plow
35:59 Forging
35:54 Scale Barding Armor
36:06 Husbandry
36:16 Bloodlines
37:12 Hand Cart
37:38 Conscription
37:21 Artillery
37:40 Leather Archer Armor
38:53 Ring Archer Armor
39:32 Elite Janissary
42:01 Chain Barding Armor
Zeisus
10:15 Feudal Age
12:02 Loom
15:07 Castle Age
12:57 Double-Bit Axe
12:56 Horse Collar
16:29 Bow Saw
22:37 Fletching
29:51 Bodkin Arrow
37:30 Gold Mining
38:42 Ballistics
41:55 Imperial Age
40:23 Stone Mining
Icecreature
10:39 Feudal Age
9:25 Loom
15:19 Castle Age
13:05 Man-at-Arms
14:33 Fletching
15:33 Double-Bit Axe
16:27 Long Swordsman
21:39 Pikeman
23:09 Forging
22:51 Arson
25:02 Fletching
26:39 Bodkin Arrow
28:10 Scale Mail Armor
28:06 Elite Skirmisher
32:15 Town Watch
35:18 Stone Mining
35:20 Horse Collar
37:10 Wheelbarrow
41:17 Imperial Age
Bite Hard
5:15 Double-Bit Axe
8:44 Loom
11:59 Feudal Age
16:24 Castle Age
15:38 Horse Collar
16:18 Bow Saw
22:06 Wheelbarrow
23:10 Scale Barding Armor
24:44 Hand Cart
25:31 Heavy Plow
25:58 Forging
25:56 Husbandry
26:00 Stone Mining
26:01 Gold Mining
28:15 Chain Barding Armor
29:09 Iron Casting
29:21 Cavalier
29:50 Cavalier
31:21 Gold Shaft Mining
31:42 Crop Rotation
35:05 Imperial Age
36:25 Elite Coustillier
38:31 Blast Furnace
38:35 Plate Barding Armor
38:35 Conscription
Connection lost

Rejoining the realm…

Still unreachable

The connection could not be restored.

Session expired

The server has moved on; the page needs a fresh start.